 Dungeon Crawl Stone Soup version 0.30-a0-862-g1aabd4f9c5 (webtiles) character file.

Game seed: 11209883144496822294

70 bande the Trooper (level 4, -6/29 HPs)
             Began as a Gargoyle Fighter on Mar 9, 2023.
             Mangled by Crazy Yiuf
             ... wielding a +3 quarterstaff of chaos
              (21 damage)
             ... on level 2 of the Dungeon.
             The game lasted 00:01:48 (1928 turns).

bande the Trooper (Gargoyle Fighter)                Turns: 1928, Time: 00:01:49

Health: -6/29      AC: 11    Str: 19    XL:     4   Next: 22%
Magic:  4/4        EV:  9    Int:  9    God:
Gold:   60         SH:  4    Dex: 11    Spells: 3/3 levels left

rFire   . . .      SeeInvis .    a - +0 war axe
rCold   . . .      Faith    .    c - +0 buckler
rNeg    + . .      Spirit   .    b - +0 scale mail
rPois   ∞          Reflect  .    (no helmet)
rElec   +          Rampage  .    h - +0 cloak
rCorr   .                        (no gloves)
Will    .....                    (no boots) Stlth
                                 (no amulet)
HPRegen 0.24/turn                i - ring of flight
MPRegen 0.09/turn                (no ring)

@: flying
A: sickness immunity, AC +3, negative energy resistance 1, electricity
resistance, torment resistance 1, petrification resistance
a: no special abilities


You were on level 2 of the Dungeon.
You visited 1 branch of the dungeon, and saw 2 of its levels.

You collected 60 gold pieces.

Inventory:

Hand Weapons
 a - a +0 war axe (weapon)
Armour
 b - a +0 scale mail (worn)
 c - a +0 buckler (worn)
 h - a +0 cloak (worn)
Jewellery
 i - a ring of flight (left hand)
Scrolls
 e - a scroll of poison {unknown}
 f - 3 scrolls of identify {unknown}
 g - a scroll of noise {unknown}
Potions
 d - 2 potions of might
 j - a potion of mutation {unknown}
 k - a potion of curing {unknown}


   Skills:
 + Level 3.8 Fighting
 + Level 2.8 Axes
 + Level 3.8 Armour
 + Level 3.7 Shields


You had 3 spell levels left.
You didn't know any spells.
Your spell library contained the following spells:

 Spells                   Type           Power      Damage    Failure   Level
 Necrotise                Necr           0%         1d4       83%         1
 Lesser Beckoning         Tloc           0%         N/A       93%         2
 Gell's Gravitas          Tloc           0%         N/A       99%         3
 Teleport Other           Tloc           0%         N/A       99%         3
 Chain Lightning          Conj/Air       0%         N/A       100%        9
 Fire Storm               Conj/Fire      0%         5d1       100%        9
 Shatter                  Erth           0%         3d5*      100%        9


Dungeon Overview and Level Annotations

Branches:
Dungeon (2/15)

Altars:
Wu Jian

Annotations:
D:2 Crazy Yiuf


Innate Abilities, Weirdness & Mutations

You are immune to sickness and miasma.
Your stone body is resilient. (AC +3)
You are immune to poison.
You resist negative energy. (rN+)
You are resistant to electric shocks. (rElec)
You are resistant to unholy torment.
You are immune to petrification.


Message History

No target in view!
You now have 57 gold pieces (gained 16).
You pick up Plato's Compendium of the Dead and begin reading...
You add the spell Necrotise to your library.
There is a faded altar of an unknown god here.
As you open the door, it creaks loudly!
An adder comes into view.
The adder hisses angrily.
An adder is nearby!
Found a robe.
The adder bites you. x2
There is an open door here.
You hit the adder.
The adder is moderately wounded.
The adder bites you but does no damage.
You slash the adder!
You kill the adder!
No target in view!
No target in view!
No target in view!
No target in view!
No target in view!
There is an open door here.
You reach down and open the door.
There is an open door here.
Found a stone staircase leading down.
There is a stone staircase leading down here.
You now have 60 gold pieces (gained 3).
Crazy Yiuf shouts!
Crazy Yiuf cries, "Citrus infinity spinner!"
No reachable target in view!
You reach down and open the door.
You hit Crazy Yiuf.
Crazy Yiuf is lightly wounded.
Crazy Yiuf hits you with a +3 quarterstaff of chaos.
You hit Crazy Yiuf.
Crazy Yiuf is moderately wounded.
Crazy Yiuf hits you with a +3 quarterstaff of chaos!
Space warps horribly around you!!
Ouch! That really hurt!
You die...

.........######....###########..#
...........# #....# #...........
.########### #.#.P# ########...#
.# ##...# #...# .# ##.## #...# .#
##.# #...# .# #.## ########...#
.# ##.# #........... .# #@##
############ .# #g# #.......>..#
.# ... ##########.# .# #...# #.#
.# #)..# #.# .# ##### #.# .#
####### #.# .# ##### #.....# #.#
.# #.#.#####.###.# #.#


You could see Crazy Yiuf.

Vanquished Creatures
  An adder (D:2)
  2 worms (D:2)
  2 dart slugs (D:1)
  7 bats
  3 endoplasms
  5 giant cockroaches
  7 goblins
  5 hobgoblins
  2 kobolds (D:1)
  A quokka (D:2)
  6 ball pythons
  2 frilled lizards (D:2)
  4 rats
47 creatures vanquished.

Vanquished Creatures (others)
  4 fungi (D:2)
4 creatures vanquished.

Grand Total: 51 creatures vanquished

Notes
Turn   | Place    | Note
-------+----------+-------------------------------------------
     0 | D:1      | bande the Gargoyle Fighter began the quest for the Orb.
     0 | D:1      | Reached XP level 1. HP: 14/14 MP: 1/1
   103 | D:1      | Reached XP level 2. HP: 19/19 MP: 2/2
   646 | D:1      | Reached XP level 3. HP: 7/23 MP: 3/3
  1306 | D:2      | Found an ornate altar of the Wu Jian Council.
  1470 | D:2      | Reached XP level 4. HP: 29/29 MP: 4/4
  1477 | D:2      | Found a runed translucent door.
  1478 | D:2      | Noticed Crazy Yiuf
  1713 | D:2      | Found a faded altar of an unknown god.
  1726 | D:2      | Got Plato's Compendium of the Dead
  1928 | D:2      | Mangled by Crazy Yiuf

Illustrated notes

Levels and vault maps discovered:
D:1:      dpeg_arrival_orchard, layout_basic, roderic_roman_lattice,
          corexii_hall_statues_x
D:2:      layout_basic, shapermc_ecumenical_altar_rom_forum, basic_altar,
          minmay_between, uniq_crazy_yiuf_cottage

Skill      XL: |  1  2 |
---------------+-------+-----
Axes           | 2 |  2.8
Fighting       | |  3.8
Armour         | |  3.8
Shields        | |  3.7

Action                     |  1- 3 |  4- 6 || total
---------------------------+-------+-------++-------
  Melee: War axe           |   143 |     8 ||   151
 Armour: Scale mail        |    92 |     7 ||    99
  Dodge: Dodged            |    72 |     3 ||    75
  Block: Buckler           |    40 |       ||    40

Table legend: (Time is in decaauts)
 A = Elapsed time spent in this place.
 B = Non-inter-level travel time spent in this place.
 C = Inter-level travel time spent in this place.
 D = Time resting spent in this place.
 E = Time spent auto-exploring this place.
 F = Levels seen in this place.
 G = Mean time per level.
                   A        B        C        D        E       F      G
               +--------+--------+--------+--------+--------+-----+--------+
         Total |   1990 |   1934 |     56 |    151 |   1408 |   2 |  995.0 |
       Dungeon |   1990 |   1934 |     56 |    151 |   1408 |   2 |  995.0 |
               +--------+--------+--------+--------+--------+-----+--------+

Top non-repeatable levels by time:
     D:1: 1130 daAuts
     D:2: 860 daAuts
